 Dungeon Crawl Stone Soup version 0.30.0-5-g1a98f26d00 (webtiles) character file.

Game seed: 5684895840715329010

327175 Monkooky the Champion of Chaos (level 22, -12/142 (172) HPs)
             Began as a Formicid Enchanter on May 10, 2023.
             Was the Champion of Makhleb.
             Killed by vampiric draining
             ... invoked by a vampire mage
              (24 damage)
             ... on level 1 of the Crypt.
             The game lasted 02:24:53 (40264 turns).

Monkooky the Champion of Chaos (FoEn)              Turns: 40264, Time: 02:24:53

HP:   -12/142 (172) AC: 34    Str: 24    XL:     22   Next: 63%
MP:   37/37         EV: 15    Int: 15    God:    Makhleb [******]
Gold: 1079          SH: 33    Dex: 30    Spells: 20/25 levels left

rFire   + . .        Y - +9 triple sword (holy)
rCold   + . .        N - +8 tower shield {rC+}
rNeg    . . .        C - +10 plate armour of Moral Flaws {-Tele rElec rPois rF+}
rPois   +            (helmet unavailable)
rElec   +            V - +0 cloak of Teidus {Regen+ Str+4}
rCorr   .            D - +2 pair of gloves
SInv    +            t - +2 pair of boots
Will    ++...        y - amulet of faith Stlth
                     f - +6 ring of dexterity
HPRegen 1.23/turn    v - +6 ring of dexterity
MPRegen 0.25/turn

%: faith
@: heavily drained
A: permanent stasis, dig shafts and tunnels, antennae 3, four strong arms
}: 2/15 runes: serpentine, barnacled
a: Dig, Shaft Self, Renounce Religion, Minor Destruction, Lesser Servant of
Makhleb, Major Destruction, Greater Servant of Makhleb


You were on level 1 of the Crypt.
You worshipped Makhleb.
Makhleb was exalted by your worship.
You visited 8 branches of the dungeon, and saw 37 of its levels.
You visited the Abyss 1 time.
You also visited: Sewer, Gauntlet and Ice Cave.

You collected 3696 gold pieces.
You spent 2617 gold pieces at shops.

Inventory:

Hand Weapons
 d - a +6 scimitar of flaming
 Y - a +9 triple sword of holy wrath (weapon)
Missiles
 a - 13 javelins
 o - 13 curare-tipped darts
 u - 84 poisoned darts
 T - 6 throwing nets
Armour
 t - a +2 pair of boots (worn)
 C - the +10 plate armour of Moral Flaws (worn) {-Tele rElec rPois rF+}
   (You bought it in a shop on level 2 of the Orcish Mines)

   rF:        It protects you from fire.
   rElec:     It insulates you from electricity.
   rPois:     It protects you from poison.
   -Tele:     It prevents most forms of teleportation.
 D - a +2 pair of gloves (worn)
 N - a +8 tower shield of cold resistance (worn)
 V - the +0 cloak of Teidus (worn) {Regen+ Str+4}
   (You found it in a Gauntlet)

   Str:       It affects your strength (+4).
   Regen:     It increases your rate of health regeneration.
Jewellery
 f - a +6 ring of dexterity (left hand)
 i - a ring of flight
 v - a +6 ring of dexterity (right hand)
 y - an amulet of faith (around neck)
Wands
 r - a wand of iceblast (2)
 z - a wand of paralysis (30)
 S - a wand of light (26)
 U - a wand of digging (17)
 W - a wand of mindburst (16)
Scrolls
 b - 3 scrolls of vulnerability
 k - 5 scrolls of amnesia
 n - 6 scrolls of fog
 q - 5 scrolls of brand weapon
 s - a scroll of enchant armour
 w - 4 scrolls of immolation
 x - a scroll of fear
 B - 4 scrolls of poison
 E - 4 scrolls of magic mapping
 F - 4 scrolls of silence
 G - 3 scrolls of torment
 X - a scroll of summoning
Potions
 c - a potion of invisibility
 e - 10 potions of curing
 g - 10 potions of haste
 h - 4 potions of might
 j - 6 potions of flight
 l - 7 potions of attraction
 I - 10 potions of mutation
 L - 6 potions of lignification
 M - a potion of brilliance
 Q - 3 potions of resistance
 R - 4 potions of cancellation
 Z - a potion of magic
Miscellaneous
 m - a box of beasts (inert)
 A - a condenser vane
 H - a lightning rod (inert)
 K - a phial of floods (inert)
 P - a phantom mirror (inert)


   Skills:
 - Level 14.2 Fighting
 - Level 1.0(14.7) Short Blades
 + Level 22.1(22.2) Long Blades
 - Level 13.5 Armour
 - Level 9.9 Dodging
 - Level 3.6 Stealth
 - Level 19.0 Shields
 - Level 2.2 Spellcasting
 - Level 3.6 Hexes
 - Level 23.0 Invocations
 - Level 10.1 Evocations


You had 20 spell levels left.
You knew the following spells:

 Your Spells              Type           Power      Damage    Failure   Level
a - Confusing Touch       Hex            12%        N/A       93%         3
b - Passwall              Tmut/Erth      0%         N/A       99%         2

Your spell library contained the following spells:

 Spells                   Type           Power      Damage    Failure   Level
 Tukima's Dance           Hex            12%        N/A       93%         3
 Ensorcelled Hibernation  Hex/Ice        14%        N/A       94%         2
 Magic Dart               Conj           4%         1d3       98%         1
 Necrotise                Necr           4%         1d4       98%         1
 Sandblast                Erth           2%         2d4       98%         1
 Shock                    Conj/Air       4%         1d3       98%         1
 Sting                    Tmut/Pois      4%         1d3       98%         1
 Summon Small Mammal      Summ           4%         N/A       98%         1
 Call Imp                 Summ           2%         N/A       99%         2
 Cigotuvi's Dreadful Rot  Necr/Pois/Air  2%         N/A       99%         2
 Poisonous Vapours        Pois/Air       2%         N/A       99%         2
 Dazzling Flash           Conj/Hex       14%        N/A       99%         3
 Portal Projectile        Hex/Tloc       14%        N/A       99%         3
 Summon Guardian Golem    Hex/Summ       7%         N/A       99%         3
 Call Canine Familiar     Summ           1%         N/A       100%        3
 Mephitic Cloud           Conj/Pois/Air  1%         N/A       100%        3
 Ozocubu's Armour         Ice            1%         N/A       100%        3
 Stone Arrow              Conj/Erth      2%         3d7       100%        3
 Airstrike                Air            0%         2d(1-17)  100%        4
 Anguish                  Hex/Necr       3%         N/A       100%        4
 Animate Dead             Necr           1%         N/A       100%        4
 Cause Fear               Hex            6%         N/A       100%        4
 Dispel Undead            Necr           1%         3d6       100%        4
 Leda's Liquefaction      Hex/Erth       3%         N/A       100%        4
 Manifold Assault         Tloc           1%         N/A       100%        4
 Olgreb's Toxic Radiance  Pois           1%         N/A       100%        4
 Passage of Golubria      Tloc           1%         N/A       100%        4
 Agony                    Necr           1%         N/A       100%        5
 Borgnjor's Vile Clutch   Necr/Erth      0%         N/A       100%        5
 Fireball                 Conj/Fire      0%         3d3       100%        5
 Irradiate                Conj/Tmut      0%         3d11      100%        5
 Iskenderun's Battlesphe  Conj           1%         2d6       100%        5
 Silence                  Hex/Air        3%         N/A       100%        5
 Conjure Ball Lightning   Conj/Air       0%         3x3d6     100%        6
 Death Channel            Necr           0%         N/A       100%        6
 Dispersal                Tloc           0%         N/A       100%        6
 Statue Form              Tmut/Erth      0%         N/A       100%        6
 Enfeeble                 Hex            6%         N/A       100%        7
 Orb of Destruction       Conj           0%         9d5       100%        7
 Ozocubu's Refrigeration  Ice            0%         4d7       100%        7
 Storm Form               Tmut/Air       0%         N/A       100%        7
 Borgnjor's Revivificati  Necr           0%         N/A       100%        8
 Discord                  Hex            6%         N/A       100%        8
 Disjunction              Tloc           0%         N/A       100%        8
 Ignition                 Fire           0%         3d3       100%        8
 Lehudib's Crystal Spear  Conj/Erth      0%         10d2      100%        8
 Necromutation            Tmut/Necr      0%         N/A       100%        8
 Death's Door             Necr           0%         N/A       100%        9
 Swiftness                Air            Unusable   N/A       N/A         3

Dungeon Overview and Level Annotations

Branches:
Dungeon (15/15)            Temple (0/1) D:4            Lair (5/5) D:9
 Shoals (4/4) Lair:2        Snake (4/4) Lair:2        Slime (0/5) Lair:5
    Orc (2/2) D:12            Elf (1/3) Orc:2        Vaults (5/5) D:13
  Crypt (1/3) Vaults:2     Depths (0/4) D:15          Sewer (visited)
  IceCv (visited)         Gauntlet (visited)

Altars:
Ashenzari
Dithmenos
Hepliaklqana
Kikubaaqudgha
Makhleb
Nemelex Xobeh
Sif Muna
Trog
Vehumet
Yredelemnul
The Shining One
Jiyva

Shops:
D:2 ?   D:13 [   D:15 ?   Orc:1 *   Orc:2 ?([:!!([   Shoals:1 :   Shoals:4 :=[=
Snake:1 [::   Vaults:1 !   Vaults:3 :   Vaults:4 *

Annotations:
D:5 1 runed translucent door, middlethird's ghost, novice VSAE
D:7 1 runed translucent door, avangion's ghost, novice DECj
D:12 exclusion: downstairs
Vaults:4 2 transporters, astronautguy's ghost, master FoEE
Crypt:1 Bai Suzhen


Innate Abilities, Weirdness & Mutations

You cannot be hasted, slowed, berserked, paralysed or teleported.
You can dig through walls and to a lower floor.
You have a pair of large antennae on your head. (SInv)
Your four strong arms can wield two-handed weapons with a shield.


Message History

You are no longer terrified.
Something hits your jiangshi!
Something drains your jiangshi's vigour!
Your jiangshi seems to slow down.
Something misses your jiangshi.
Something hits your jiangshi but does no damage.
Something barely misses your jiangshi.
You hit the freezing wraith but do no damage.
You block the freezing wraith's attack. x2
Your jiangshi claws the freezing wraith!!
Your jiangshi claws the freezing wraith!
You slice the freezing wraith!!
You destroy the freezing wraith!
Makhleb accepts your kill.
You feel better.
Unknown command.
A vampire mage comes into view. It is wielding a +0 great mace.
You see here a +0 leather armour.
A phantasmal warrior comes into view.
A vampire knight comes into view. It is wielding a +0 war axe.
Your jiangshi claws the vampire mage. x2
You closely miss the vampire mage.
The vampire mage is lightly damaged.
Your curse skull rattles its jaw.
Send 'em back where they came from!
Your jiangshi claws the vampire mage but does no damage. x2
A freezing wraith comes into view.
The vampire mage casts a spell at you. The bolt of negative energy hits you!!
You feel drained.
* * * LOW HITPOINT WARNING * * *
Unknown command.
You slice the vampire mage!!
The vampire mage convulses!
The vampire mage is severely damaged.
Your curse skull rattles its jaw.
Your wraith closely misses the vampire mage.
Your vampire mage hits the vampire mage but does no damage.
Your vampire mage bites the vampire mage!
A phantasmal warrior comes into view.
The vampire mage draws life force from you!!
You die...

#################################
.........{.......................
........{{..V..Z.................
......##.####z.W..####.######....
..... #{####.[...####.######....
......##{{.##WVVV.##.......##....
.......Z.ยงยง##.WV@.##.......##....
.^....##.WV.V.....##.......##....
..... ######.....##.......##....
... #.....###########.... ..
.......###########)... .
.W...........).<.......
.....W......)...........
........................
...........[...........


You could see a vampire knight, 2 vampire magi, 2 phantasmal warriors, a
freezing wraith, 3 friendly jiangshi, a friendly vampire mage (summoned), a
friendly curse skull (summoned), a friendly spectral dire elephant (summoned), a
friendly wraith (summoned) and 2 friendly shadows.

Vanquished Creatures
  A titan (Vaults:5)
  2 sphinxes
  2 shadow dragons (Vaults:4)
  2 fire giants
  2 revenants (Crypt:1)
  A storm dragon (Vaults:5)
  Roxanne (D:15)
  8 nagarajas
  11 vault wardens
  A curse skull (Crypt:1)
  14 ironbound preservers
  2 orc warlords
  3 stone giants (Vaults:4)
  6 ironbound thunderhulks
  A caustic shrike skeleton (Crypt:1)
  10 dire elephants
  A deep elf annihilator (Vaults:4)
  A minotaur (Gauntlet)
  2 deep elf death magi
  3 ettins
  6 jiangshi (Crypt:1)
  3 merfolk impalers
  2 crystal guardians
  3 entropy weavers
  A merfolk javelineer (Shoals:4)
  A deep elf high priest (Vaults:4)
  3 yaktaur captains
  3 salamander tyrants
  Harold (Lair:2)
  8 great orbs of eyes
  4 peacekeepers
  Erolcha (Orc:2)
  A spriggan skeleton (Crypt:1)
  8 hydras
  19 vault guards
  10 anacondas
  4 boulder beetles
  A fenstrider witch skeleton (Crypt:1)
  2 ogre magi (Orc:2)
  A quicksilver dragon skeleton (Crypt:1)
  3 satyrs
  An alligator snapping turtle (Shoals:4)
  A two-headed ogre (D:11)
  2 alligators (D:15)
  4 ironbound frosthearts
  3 merfolk avatars
  2 merfolk aquamancers
  11 centaur warriors
  3 catoblepae
  A dancing weapon (Elf:1)
  11 naga warriors
  3 tengu warriors
  12 naga sharpshooters
  A vampire mage (Crypt:1)
  11 death yaks
  Urug (Lair:1)
  A deep elf knight (Elf:1)
  A hell knight (Vaults:4)
  3 shock serpents
  A skyshark (Shoals:1)
  A titan skeleton (Crypt:1)
  32 deep trolls
  7 salamander mystics
  15 sea snakes
  A shadow wraith (Vaults:4)
  A storm dragon skeleton (Crypt:1)
  5 naga ritualists
  An orange crystal statue (Lair:1)
  5 wizards
  4 necromancers
  Pikel (D:5)
  22 harpies
  4 deep elf archers (Elf:1)
  4 orc knights
  11 ironbound convokers
  8 deep elf pyromancers
  6 lindwurms
  2 human zombies (Vaults:1)
  7 mana vipers
  6 deep elf zephyrmancers (Elf:1)
  13 manticores
  12 orc sorcerers
  A stone giant zombie (Vaults:1)
  19 salamanders
  17 ugly things
  6 fauns
  5 cyclopes
  A moth of wrath (Gauntlet)
  31 black mambas
  13 vault sentinels
  12 elephants
  A frost giant skeleton (Vaults:1)
  9 water nymphs
  A torpor snail (Lair:3)
  6 merfolk sirens
  12 guardian serpents
  19 naga magi
  16 cane toads
  An efreet (D:14)
  29 yaktaurs
  3 kobold demonologists
  5 rime drakes
  2 unseen horrors (D:15)
  9 komodo dragons
  5 freezing wraiths
  A harpy zombie (Crypt:1)
  An anaconda simulacrum (Crypt:1)
  16 merfolk
  A hornet (Lair:5)
  8 trolls
  7 wind drakes
  A tyrant leech (Gauntlet)
  Grinder (D:6)
  10 blink frogs
  8 dream sheep
  52 slime creatures
  15 snapping turtles
  A jumping spider (Vaults:1)
  A stone giant simulacrum (Vaults:1)
  5 flying skulls
  2 hogs (Shoals:2)
  4 water elementals
  3 wraiths
  4 wyverns
  6 basilisks
  2 fire bats (D:15)
  2 fire elementals
  20 yaks
  20 humans (D:13)
  3 vampire mosquitoes (D:12)
  3 steam dragons
  A death yak simulacrum (IceCv)
  8 redbacks
  3 wargs
  2 swamp worms (Gauntlet)
  2 acid dragons
  41 nagas
  15 water moccasins
  2 hell hounds (D:15)
  Pargi (D:4)
  18 orc warriors
  A sky beast (D:7)
  2 ice beasts
  A black bear (D:6)
  A swamp dragon zombie (Crypt:1)
  6 ogres
  13 wolves
  15 centaurs
  3 boggarts (Vaults:1)
  7 kobold brigands
  A lemure (D:5)
  16 bullfrogs
  5 scorpions
  15 killer bees
  2 vampire bats (D:15)
  2 electric eels (Snake:1)
  3 lava snakes (D:15)
  7 hounds
  A jelly (D:6)
  3 iron imps (D:5)
  12 orc priests
  4 iguanas
  31 orc wizards
  9 hell rats
  2 wolf simulacra (IceCv)
  Robin (D:3)
  6 adders
  4 river rats (D:15)
  14 white imps
  2 ufetubi
  3 worms
  2 dart slugs
  74 orcs
  9 ball pythons
  11 bats
  6 endoplasms
  11 giant cockroaches
  18 goblins
  8 hobgoblins
  17 jackals
  34 kobolds
  11 quokkas
  14 frilled lizards
  20 rats
1340 creatures vanquished.

Vanquished Creatures (collateral kills)
  Mennas (Vaults:4)
  Frederick (Vaults:4)
  Jorgrun (Orc:1)
  Zenata (Vaults:3)
  Mlioglotl (Shoals:2)
  Polyphemus (Shoals:2)
  Kirke (Shoals:2)
  A deep elf sorcerer (Elf:1)
  3 merfolk javelineers
  A yaktaur captain (Vaults:3)
  9 vault guards
  A merfolk avatar (Lair:5)
  A centaur warrior (D:15)
  A naga warrior (Snake:4)
  A satyr (Shoals:2)
  2 death yaks (Shoals:2)
  A tengu warrior (D:12)
  A naga sharpshooter (Snake:4)
  A shock serpent (Snake:2)
  A sea snake (Shoals:2)
  A glowing orange brain (Vaults:1)
  A deep troll (Vaults:1)
  A phantasmal warrior (Vaults:5)
  2 orc knights
  2 lindwurms (Vaults:1)
  4 harpies
  2 ugly things
  8 fauns
  An orc sorcerer (Orc:2)
  2 salamanders
  A vault sentinel (Vaults:3)
  3 guardian serpents (Snake:4)
  2 black mambas (Snake:2)
  A merfolk siren (Shoals:2)
  A gargoyle (D:10)
  A komodo dragon (D:10)
  A merfolk (Shoals:4)
  A wind drake (Shoals:2)
  A slime creature (Vaults:3)
  A wraith (D:11)
  4 hogs (Shoals:2)
  A human (D:13)
  A basilisk (Lair:2)
  An orc warrior (Orc:2)
  An elephant simulacrum (IceCv)
  An orc wizard (Vaults:5)
  A wolf simulacrum (IceCv)
  3 orcs
81 creatures vanquished.

Vanquished Creatures (others)
  A merfolk impaler (Shoals:4)
  A vault guard (Vaults:5)
  A naga warrior (Snake:2)
  A deep elf knight (Elf:1)
  A wizard (Vaults:3)
  A harpy (Shoals:1)
  An orc wizard (Orc:2)
  An orc (Orc:2)
  A fire vortex (Lair:2)
9 creatures vanquished.

Grand Total: 1430 creatures vanquished

Notes
Turn   | Place    | Note
-------+----------+-------------------------------------------
     0 | D:1      | Monkooky the Formicid Enchanter began the quest for the
                  | Orb.
     0 | D:1      | Reached XP level 1. HP: 13/13 MP: 3/3
    65 | D:1      | Found a faded altar of an unknown god.
    82 | D:1      | Prayed at the altar of an unknown god.
    82 | D:1      | Became a worshipper of Makhleb the Destroyer
    82 | D:1      | Reached * piety under Makhleb
   128 | D:1      | Reached skill level 1 in Fighting
   128 | D:1      | Reached XP level 2. HP: 16/21 MP: 5/5
   445 | D:1      | Reached XP level 3. HP: 27/27 MP: 6/6
   791 | D:2      | Reached ** piety under Makhleb
   809 | D:2      | Learned a level 3 spell: Confusing Touch
   924 | D:2      | Reached XP level 4. HP: 35/35 MP: 7/7
   937 | D:2      | Found Ruryis's Magic Scroll Boutique.
   945 | D:2      | Bought a scroll of fear for 40 gold pieces
  1250 | D:3      | Noticed Robin
  1404 | D:3      | Reached skill level 1 in Invocations
  1436 | D:3      | Killed Robin
  1437 | D:3      | Reached skill level 2 in Invocations
  1496 | D:3      | Reached XP level 5. HP: 37/41 MP: 8/8
  1523 | D:3      | Reached *** piety under Makhleb
  1670 | D:3      | Found a hazy altar of Hepliaklqana.
  1750 | D:3      | Found a faded altar of an unknown god.
  1754 | D:3      | Found a sparkling altar of Nemelex Xobeh.
  1806 | D:3      | Reached skill level 3 in Invocations
  2336 | D:4      | Found a staircase to the Ecumenical Temple.
  2347 | D:4      | Noticed Pargi
  2357 | D:4      | Killed Pargi
  2358 | D:4      | Reached skill level 4 in Invocations
  2358 | D:4      | Reached XP level 6. HP: 26/47 MP: 9/9
  2369 | D:4      | Reached skill level 5 in Invocations
  2564 | D:4      | Found a glowing drain.
  2568 | Sewer    | Entered a sewer
  2667 | Sewer    | Reached skill level 6 in Invocations
  2667 | Sewer    | Reached XP level 7. HP: 32/52 MP: 11/11
  2708 | Sewer    | Reached **** piety under Makhleb
  2712 | Sewer    | Reached skill level 7 in Invocations
  3238 | D:4      | Reached skill level 8 in Invocations
  4055 | D:5      | Entered Level 5 of the Dungeon
  4197 | D:5      | Found a runed translucent door.
  4272 | D:5      | Noticed middlethird's ghost (novice VSAE)
  4316 | D:5      | Reached XP level 8. HP: 57/58 MP: 14/14
  4324 | D:5      | Noticed Pikel
  4328 | D:5      | Killed Pikel
  4329 | D:5      | Reached skill level 10 in Invocations
  4337 | D:5      | Reached skill level 11 in Invocations
  4618 | D:5      | Found a burning altar of Makhleb.
  4650 | D:5      | Reached XP level 9. HP: 63/64 MP: 17/17
  4985 | D:5      | Reached skill level 12 in Invocations
  5207 | D:6      | Found an ancient bone altar of Kikubaaqudgha.
  5237 | D:6      | Reached skill level 1 in Armour
  5380 | D:6      | Noticed Grinder
  5389 | D:6      | Found a radiant altar of Vehumet.
  5400 | D:6      | Killed Grinder
  5400 | D:6      | Reached ***** piety under Makhleb
  5438 | D:6      | Found a shimmering blue altar of Sif Muna.
  5444 | D:6      | Got Kikubaaqudgha's Handbook of Open Graves
  5514 | D:6      | Reached skill level 5 in Fighting
  6379 | D:7      | Found a runed translucent door.
  6379 | D:7      | Noticed avangion's ghost (novice DECj)
  6442 | D:7      | Reached XP level 10. HP: 73/76 MP: 19/19
  6963 | D:8      | Reached skill level 13 in Invocations
  6975 | D:8      | Reached skill level 14 in Invocations
  8001 | D:9      | Found a staircase to the Lair.
  8062 | D:9      | Found a broken altar of Ashenzari.
  8124 | D:9      | Reached skill level 15 in Invocations
  8269 | D:9      | Identified the +0 leather armour of the Distant Future
                  | {rPois rCorr Str+2 Dex-4}
  8512 | D:9      | Reached skill level 5 in Armour
  8882 | D:10     | Entered Level 10 of the Dungeon
  8967 | D:10     | Noticed a kobold demonologist
  8977 | D:10     | Killed a kobold demonologist
  9060 | D:10     | Noticed a komodo dragon
  9074 | D:10     | Killed a komodo dragon
  9075 | D:10     | Reached XP level 11. HP: 51/84 MP: 22/22
  9175 | D:10     | Found a basalt altar of Yredelemnul.
  9501 | D:10     | Found a glowing golden altar of the Shining One.
 10228 | D:11     | HP: 4/87 [troll (8)]
 10482 | D:11     | Noticed a two-headed ogre
 10488 | D:11     | Killed a two-headed ogre
 10537 | D:11     | Found a frozen archway.
 10585 | IceCv    | Entered an ice cave
 10598 | IceCv    | Reached skill level 1 in Shields
 10765 | IceCv    | Found a transporter.
 10769 | IceCv    | Noticed a white ugly thing
 10786 | IceCv    | Found a transporter.
 10794 | IceCv    | Killed a white ugly thing
 11366 | Lair:1   | Entered Level 1 of the Lair of Beasts
 11459 | D:12     | Noticed a manticore
 11466 | D:12     | Killed a manticore
 11786 | D:12     | Found a shadowy altar of Dithmenos.
 11830 | D:12     | Reached XP level 12. HP: 88/95 MP: 23/23
 11838 | D:12     | Reached skill level 5 in Shields
 11940 | D:12     | Noticed a tengu warrior
 11953 | D:12     | Killed a tengu warrior
 12395 | D:12     | Found a staircase to the Orcish Mines.
 12496 | Orc:1    | Entered Level 1 of the Orcish Mines
 12496 | Orc:1    | Noticed Jorgrun
 12506 | Orc:1    | Killed Jorgrun
 12507 | Orc:1    | Reached skill level 10 in Shields
 12877 | Orc:2    | Entered Level 2 of the Orcish Mines
 12877 | Orc:2    | Noticed Erolcha
 12877 | Orc:2    | Found Ceivvecs's Magic Scroll Shop.
 12883 | Orc:2    | Killed Erolcha
 12899 | Orc:2    | Bought a scroll of vulnerability for 48 gold pieces
 13031 | Orc:2    | Found Dusmoss's Distillery.
 13153 | Orc:2    | Bought a potion of heal wounds for 65 gold pieces
 13153 | Orc:2    | Bought 2 potions of mutation for 208 gold pieces
 13153 | Orc:2    | Bought a potion of cancellation for 104 gold pieces
 13205 | Orc:2    | Reached skill level 10 in Fighting
 13323 | Orc:2    | Found Itoesiur's Antique Weapon Boutique.
 13597 | Orc:2    | Found a staircase to the Elven Halls.
 13619 | Orc:2    | Reached ****** piety under Makhleb
 13804 | Orc:2    | Found Foc Veoq's Weapon Boutique.
 13912 | Orc:2    | Noticed an ogre mage
 13918 | Orc:2    | Noticed a sun demon
 14082 | Orc:2    | Reached XP level 13. HP: 93/103 MP: 24/24
 14091 | Orc:2    | Reached skill level 16 in Invocations
 14091 | Orc:2    | Killed an ogre mage
 14215 | Orc:2    | Found Qangodau's Book Emporium.
 14278 | Orc:2    | Found a radiant altar of Vehumet.
 14283 | Orc:2    | Noticed an ogre mage
 14310 | Orc:2    | Found an ancient bone altar of Kikubaaqudgha.
 14319 | Orc:2    | Reached skill level 17 in Invocations
 14592 | Orc:2    | Killed an ogre mage
 14636 | Orc:2    | Found Haomn's Distillery.
 14665 | Orc:2    | Found Nyoginiv's Antique Armour Shoppe.
 14750 | Orc:2    | Found Urocs's Antique Armour Shoppe.
 15177 | Lair:1   | Noticed Urug
 15183 | Lair:1   | Killed Urug
 16069 | Lair:1   | Identified the +6 flail "Heety" {spect, Stlth+}
 16284 | Lair:2   | Noticed Harold
 16290 | Lair:2   | Killed Harold
 16553 | Lair:2   | Found a gate leading to a gauntlet.
 16570 | Lair:2   | Found a staircase to the Snake Pit.
 16580 | Lair:2   | Reached XP level 14. HP: 54/98 MP: 26/26
 16591 | Gauntlet | Entered a Gauntlet
 16591 | Gauntlet | Found a transporter.
 16809 | Gauntlet | Found a transporter.
 16811 | Gauntlet | Found a runed translucent door.
 16826 | Gauntlet | Found a transporter.
 16830 | Gauntlet | Found a transporter.
 16851 | Gauntlet | Found a transporter.
 16864 | Gauntlet | Found a transporter.
 16873 | Gauntlet | Found a transporter.
 16879 | Gauntlet | Found a runed translucent door.
 16899 | Gauntlet | Found a transporter.
 16928 | Gauntlet | Found a transporter.
 16928 | Gauntlet | Found a transporter.
 16933 | Gauntlet | Found a transporter.
 16956 | Gauntlet | Found a transporter.
 16990 | Gauntlet | Reached skill level 5 in Evocations
 17271 | Gauntlet | Identified the +0 cloak of Teidus {Regen+ Str+4}
 17327 | Gauntlet | Identified the +9 mace of the Valley {venom, Fly rF- Will++
                  | Int+2}
 17327 | Gauntlet | Noticed a minotaur
 17342 | Gauntlet | Killed a minotaur
 17771 | Orc:2    | Bought a twisted plate armour for 952 gold pieces
 17771 | Orc:2    | Identified the +10 plate armour of Moral Flaws {-Tele rElec
                  | rPois rF+} (You bought it in a shop on level 2 of the
                  | Orcish Mines)
 17852 | Elf:1    | Entered Level 1 of the Elven Halls
 18348 | Elf:1    | Identified the amulet of Pyromania {Reflect -Tele rN++ MP+9
                  | SH+5 SInv}
 18481 | Elf:1    | Reached skill level 10 in Evocations
 18493 | Elf:1    | Reached skill level 1 in Long Blades
 18507 | Elf:1    | Noticed a deep elf sorcerer
 18514 | Elf:1    | Killed a deep elf sorcerer
 19260 | Lair:2   | Found a staircase to the Shoals.
 19532 | Lair:3   | Reached skill level 5 in Long Blades
 20067 | Lair:3   | Reached XP level 15. HP: 102/118 MP: 27/27
 21224 | Lair:5   | Entered Level 5 of the Lair of Beasts
 21280 | Lair:5   | Identified the +1 pair of gloves of Irait {rPois}
 21360 | Lair:5   | Reached skill level 10 in Long Blades
 21618 | Lair:5   | Found a staircase to the Slime Pits.
 21619 | Lair:5   | Found a viscous altar of Jiyva.
 22131 | Lair:5   | Identified the +2 trident of Mayhem {vamp, rPois rF+ Will+
                  | Dex-2}
 22702 | D:13     | Found Tuxyt's Antique Armour Emporium.
 23153 | Orc:1    | Found Wunne's Overcharged Wands.
 23474 | D:13     | You fall into a shaft and drop 2 floors!
 23474 | D:15     | Entered Level 15 of the Dungeon
 23550 | D:14     | Reached XP level 16. HP: 122/124 MP: 28/28
 23983 | D:13     | Found a gate to the Vaults.
 24871 | Shoals:1 | Entered Level 1 of the Shoals
 24871 | Shoals:1 | Found Wuci Gui's Vocational Training.
 25160 | Shoals:1 | Reached skill level 15 in Long Blades
 25723 | Shoals:1 | Reached skill level 10 in Armour
 25788 | Shoals:2 | Noticed Mlioglotl
 25795 | Shoals:2 | Noticed Kirke
 25799 | Shoals:2 | Killed Mlioglotl
 25804 | Shoals:2 | Killed Kirke
 25812 | Shoals:2 | Reached XP level 17. HP: 86/131 MP: 29/29
 25831 | Shoals:2 | Reached skill level 5 in Dodging
 25949 | Shoals:2 | Noticed Polyphemus
 25963 | Shoals:2 | Killed Polyphemus
 27053 | Shoals:4 | Entered Level 4 of the Shoals
 27060 | Shoals:4 | Reached skill level 15 in Shields
 27129 | Shoals:4 | Found Targhiept's Book Shop.
 27731 | Shoals:4 | Found Syanwe's Jewellery Emporium.
 27731 | Shoals:4 | Found Qujaax's Armour Shop.
 27762 | Shoals:4 | Found Innairiu's Jewellery Emporium.
 28075 | Shoals:4 | Got a barnacled rune of Zot
 28337 | Snake:1  | Entered Level 1 of the Snake Pit
 28392 | Snake:1  | Reached XP level 18. HP: 140/142 MP: 30/30
 28465 | Snake:1  | Found Uboatyant's Book Shop.
 28467 | Snake:1  | Found Ithaxapit's Book Boutique.
 28470 | Snake:1  | Found Oceopt's Armour Shop.
 28563 | Snake:1  | Identified the +1 ring mail "Reitua" {Dex+2}
 28831 | Shoals:1 | Bought a manual of Invocations for 1200 gold pieces
 29513 | Snake:2  | Reached skill level 18 in Invocations
 29797 | Snake:2  | Identified a scroll of acquirement
 29798 | Snake:2  | Acquired a +6 triple sword of holy wrath
 29863 | Snake:2  | Reached skill level 19 in Invocations
 30487 | Snake:2  | Reached skill level 20 in Invocations
 30586 | Snake:2  | Reached skill level 21 in Invocations
 31117 | Snake:3  | Reached skill level 22 in Invocations
 31418 | Snake:3  | Reached XP level 19. HP: 145/148 MP: 34/34
 31452 | Snake:3  | Reached skill level 23 in Invocations
 31732 | Snake:4  | Entered Level 4 of the Snake Pit
 32452 | Snake:4  | Got a serpentine rune of Zot
 33356 | D:15     | Found a staircase to the Depths.
 33449 | D:15     | Found Xudi's Magic Scroll Shop.
 33698 | D:15     | Identified Roxanne's Exposition on the Figure
 33698 | D:15     | Noticed Roxanne
 33716 | D:15     | Killed Roxanne
 34151 | D:15     | Learned a level 2 spell: Passwall
 34317 | Vaults:1 | Entered Level 1 of the Vaults
 34485 | Vaults:1 | Reached XP level 20. HP: 155/155 MP: 35/35
 35281 | Vaults:1 | Found Kacudi's Distillery.
 36548 | Vaults:2 | Reached XP level 21. HP: 164/164 MP: 36/36
 36894 | Vaults:2 | Found a staircase to the Crypt.
 37043 | Vaults:3 | You fall into a shaft and drop 1 floor!
 37087 | Vaults:4 | Noticed Mennas
 37114 | Vaults:4 | Killed Mennas
 37343 | Vaults:3 | Noticed Zenata
 37349 | Vaults:3 | Killed Zenata
 37395 | Vaults:3 | Found Jaddided's Book Shoppe.
 38657 | Vaults:4 | Found a transporter.
 38657 | Vaults:4 | Identified the ring of Xuxtab {rC+ rCorr SInv}
 38663 | Vaults:4 | Found a bloodstained altar of Trog.
 38672 | Vaults:4 | Noticed astronautguy's ghost (master FoEE)
 38697 | Vaults:4 | Found a transporter.
 38946 | Vaults:4 | Found Rosm's General Store.
 39285 | Vaults:4 | Reached XP level 22. HP: 172/172 MP: 37/37
 39364 | Vaults:4 | Noticed Frederick
 39379 | Vaults:4 | Killed Frederick
 39464 | Vaults:5 | Entered Level 5 of the Vaults
 39727 | Abyss:2  | Cast into level 2 of the Abyss (a deep elf sorcerer)
 39769 | Vaults:5 | Escaped the Abyss
 39812 | Vaults:4 | HP: 7/167 [vault warden/+0 long sword of protection (9)]
 40052 | Crypt:1  | Entered Level 1 of the Crypt
 40253 | Crypt:1  | Noticed Bai Suzhen
 40264 | Crypt:1  | Killed from afar by a vampire mage

Illustrated notes

Levels and vault maps discovered:
D:1:      giann_bridges, layout_loops_ring, basic_ecumenical_altar,
          minmay_pentomino_x4
D:2:      layout_basic, serial_shops, shop
D:3:      layout_basic, nicolae_overflow_ecumenical_swirl,
          nzn_hepliaklqana_mist_gate, hangedman_abyss_or_decor_lesser_grid,
          fountainhead, nicolae_concentric_dashed_squares_wild, uniq_robin
D:4:      layout_layer_cave, minmay_temple_entry_mist,
          nicolae_ossuary_entry_plus, gup_sewer_entry_spiral, uniq_pargi
D:5:      layout_basic, demons_altar, ebering_ghost_reflecting_pool, uniq_pikel
D:6:      layout_basic, grunt_temple_overflow_magic_moments,
          kennysheep_generic_room_14, uniq_grinder
D:7:      lemuel_ratsnest, layout_gridville, hellmonk_ghost_happy_afterlife,
          minmay_fractal_squares_diagonal_5
D:8:      layout_loops_ring
D:9:      layout_loops_ring, ashenzari_conservatory_becter, lair_entry_dummy,
          minmay_misc_feat_plants, minmay_misc_feat_four_crosses,
          kennysheep_cluttered_room, chequers_garden
D:10:     layout_loops_ring, mainiacjoe_overflow_chevrons,
          nicolae_tso_carved_into_rock
D:11:     layout_cave_pools, portal_ice_cave_entry_imps, fungi_pond_lemuel
D:12:     layout_roguey, david_orc_1_choice,
          nicolae_dithmenos_through_a_glass_darkly
D:13:     layout_cave_pools, grunt_vaults_entry_tiered, serial_shops,
          nicolae_shop_hallway_stairs
D:14:     layout_long_grid, kennysheep_small_spiral
D:15:     grunt_enter_depths_giant_problem, layout_basic, serial_shops,
          nicolae_shop_advertising_works [nicolae_subvault_shop_adworks],
          grunt_decor_junction, hangedman_parallel_progression, uniq_roxanne
Lair:1:   statuecave_lemuel, layout_regular_city, beast_lair_carwin_2, uniq_urug
Lair:2:   layout_gridlike, elwin_shoals_entry_stream, dummy_snake_entry,
          gauntlet_entry_generic, st_stairs_4, uniq_harold
Lair:3:   layout_cellular_growth, minmay_shattered_shrine,
          infiniplex_staircase_pool_2, grunt_megastairs_1, serial_bayou_shore_b
Lair:4:   layout_loops_ring
Lair:5:   gammafunk_lair_ancient_temple, layout_hall_layers, slime_entry_1
Shoals:1: cheibrodos_shoals_oceanic_diplomacy, layout_shoals,
          nicolae_shop_vocational
Shoals:2: layout_shoals, uniq_polyphemus, uniq_kirke, uniq_mlioglotl
Shoals:3: layout_shoals, nicolae_shoals_nymph_descending_staircase
Shoals:4: shoals_end_hangedman, layout_shoals, serial_shops,
          nicolae_shop_peninsula, shop, nicolae_shop_stone, shop
Snake:1:  layout_onion, minmay_shop_star, nicolae_triple_integral,
          lemuel_fruit_tree, serial_bayou_shore_a
Snake:2:  nicolae_snake_nest, layout_layer_cave, nicolae_snake_storage_room,
          serial_bayou_shore_b
Snake:3:  layout_rooms, grunt_megastairs_2
Snake:4:  snake_hunt, layout_onion, st_stairs_9
Orc:1:    layout_diamond_mine, serial_shops, nicolae_shop_dealshenge,
          nicolae_shop_overcharged_wands, uniq_jorgrun
Orc:2:    kennysheep_orc_mage_school, layout_diamond_mine, serial_shops,
          nicolae_shop_rolling_square, nicolae_shop_hallway_stairs,
          nicolae_shop_back_alley_shop, nicolae_shop_tiny_statue_garden,
          uniq_erolcha
Elf:1:    layout_geoelf_octagon, serial_shops, nicolae_shop_window_shopping,
          orc_legates, minmay_misc_feat_five,
          minmay_the_grid_square_5x5_3x3_mashed
          [minmay_the_grid_square_5x5_slash, minmay_the_grid_square_5x5_empty,
          minmay_the_grid_square_5x5_pentomino_r,
          minmay_the_grid_square_5x5_broken_cross,
          minmay_the_grid_square_5x5_megaprize_open,
          minmay_the_grid_square_5x5_percent, minmay_the_grid_square_5x5_fat_x,
          minmay_the_grid_square_5x5_corner,
          minmay_the_grid_square_5x5_trominoes]
Vaults:1: v_alt_pattern_6, v_misc_15, nicolae_vaults_network_barrier, v_rooms_2,
          nicolae_vaults_alarming, nicolae_vaults_meiosis,
          nicolae_vaults_three_branches, nicolae_vaults_little_ls,
          nicolae_vaults_storage_room_water,
          nicolae_vaults_trapezoid_lopsided_1, v_misc_16, layout_vaults_omnibox,
          serial_shops, shop
Vaults:2: minmay_crypt_entry_simple_round, hangedman_vaults_maws,
          nicolae_vaults_yaktaur_gun_rack, vaults_mumra_minichess_inversion,
          nicolae_vaults_door_testing_chamber, nicolae_vaults_surprise_closet,
          vaults_room_stairs_pillars, ontoclasm_vaults_twist,
          layout_vaults_quadrants
Vaults:3: nicolae_vaults_meeting, v_misc_11, hangedman_vaults_trim,
          nicolae_vaults_variable_pillar_hall, nicolae_vaults_house_3,
          nicolae_vaults_trapezoid_lopsided_1, hangedman_vaults_slice,
          nicolae_vaults_storage_room_statues, nicolae_vaults_rhombus_5,
          layout_vaults_chaotic_city, serial_shops, shop, uniq_zenata
Vaults:4: gammafunk_ghost_wrathful_warriors, nicolae_vaults_hexular_roomagon,
          nicolae_vaults_tetromino_L_2, nicolae_vaults_little_squares_1,
          hangedman_vaults_maws, v_misc_27, vaults_room_fours,
          nicolae_vaults_variable_pillar_hall, hangedman_vaults_locks,
          nicolae_vaults_doubleplus_tesselated, nicolae_vaults_little_squares_1,
          grunt_vaults_twisty, nicolae_vaults_double_plus_2,
          nicolae_vaults_little_squares_6, layout_vaults_ring, serial_shops,
          shop, uniq_frederick, uniq_mennas
Vaults:5: serial_shops
Crypt:1:  layout_regular_city, skrybe_necro_troll_1, grunt_megastairs_4,
          uniq_bai_suzhen

Skill      XL: |  1  2  3  4  5  6  7  8  9 10 11 12 13 14 15 16 17 18 19 20 21 22 |
---------------+-------------------------------------------------------------------+-----
Fighting       | 1 2 3 6 7 9 10 11 12 13 14 | 14.2
Invocations    | 2 4 6 8 11 12 15 17 22 23 | 23.0
Armour         | 4 6 8 9 10 11 12 13 | 13.5
Shields        | 4 10 12 14 15 16 18 19 | 19.0
Evocations     | 4 10 | 10.1
Dodging        | 4 7 8 9 |  9.9
Long Blades    | 7 12 15 18 20 22 | 22.1
Short Blades   | |  1.0
Stealth        | |  3.6
Spellcasting   | |  2.2
Hexes          | |  3.6

Action                     |  1- 3 |  4- 6 |  7- 9 | 10-12 | 13-15 | 16-18 | 19-21 | 22-24 || total
---------------------------+-------+-------+-------+-------+-------+-------+-------+-------++-------
  Melee: Dagger            |    86 |    97 |     4 |    12 |     2 |       |       |       ||   201
         Punch             |     1 |     1 |       |       |       |       |       |       ||     2
         Flail             |       |       |       |       |    38 |       |       |       ||    38
         Scimitar          |       |       |       |       |     3 |   521 |    90 |       ||   614
         Triple sword      |       |       |       |       |       |       |   979 |   243 ||  1222
 Invoke: Minor Destruction |       |    95 |   219 |   490 |  1053 |  1068 |   440 |       ||  3365
         Major Destruction |       |       |     1 |    29 |    60 |    42 |    50 |     3 ||   185
         Lesser Servant of |       |       |       |     8 |     7 |    10 |     8 |     1 ||    34
         Greater Servant o |       |       |       |     1 |       |     2 |     7 |     8 ||    18
Ability: Dig               |       |     2 |     1 |       |     2 |       |       |       ||     5
  Evoke: Box of beasts     |       |       |       |     2 |       |     2 |     1 |     1 ||     6
         Phantom mirror    |       |       |       |     1 |       |     1 |     1 |     2 ||     5
         Lightning rod     |       |       |       |       |     9 |     6 |     4 |     4 ||    23
         Wand              |       |       |       |       |       |    17 |     8 |     1 ||    26
         Phial of floods   |       |       |       |       |       |       |     1 |     1 ||     2
         Condenser vane    |       |       |       |       |       |       |     1 |     1 ||     2
    Use: Scroll            |       |     6 |     6 |     7 |     7 |     7 |    11 |     6 ||    50
         Potion            |       |     2 |       |     3 |       |       |     1 |    16 ||    22
   Stab: Sleeping          |     9 |     4 |       |     1 |       |       |       |       ||    14
         Invisible         |       |    14 |       |       |       |       |       |     1 ||    15
         Distracted        |       |       |       |       |       |     5 |     7 |     1 ||    13
         Petrified         |       |       |       |       |       |     1 |       |       ||     1
         Confused          |       |       |       |       |       |       |     1 |       ||     1
         Paralysed         |       |       |       |       |       |       |       |     1 ||     1
 Armour: Robe              |    15 |    19 |       |       |       |       |       |       ||    34
         Troll leather arm |       |     1 |     1 |       |       |       |       |       ||     2
         Scale mail        |       |       |    31 |   115 |    53 |       |       |       ||   199
         Plate armour      |       |       |       |       |   266 |   525 |   337 |   127 ||  1255
  Dodge: Dodged            |    49 |    80 |    17 |    92 |   145 |   278 |   304 |   127 ||  1092
  Block: Tower shield      |       |       |       |   133 |   830 |  1417 |  1480 |   523 ||  4383
